[Event "Titled Tuesday Blitz February 01 B 2022"]
[White "Bok, Benjamin"]
[Black "Ramirez, Alejandro"]
[WhiteFideId "1017063"]
[BlackFideId "6500617"]
[WhiteElo "2658"]
[BlackElo "2694"]
[Result "1-0"]
[Round "10"]
[TimeControl "180+1"]
[Date "2022.02.01"]
[WhiteClock "0:00:06"]
[BlackClock "0:00:08"]

1. d4 Nf6 2. c4 c5 3. Nf3 cxd4 4. Nxd4 b6 5. Nc3 Bb7 6. f3 e6 7. e4 d6 8. Be2 Be7 9. O-O O-O 10. Be3 a6 11. Qd2 Nbd7 12. Rfc1 Qb8 13. a4 Bd8 14. Kh1 Bc7 15. Bg1 Rd8 16. b4 a5 17. Ncb5 axb4 18. Qxb4 Nc5 19. Rcb1 Ra6 20. Nxc7 Qxc7 21. Nb5 Qe7 22. Nxd6 Bc6 23. e5 Nfd7 24. a5 Rda8 25. Qc3 Rxa5 26. Rxa5 Rxa5 27. Rxb6 Ra6 28. Rxa6 Nxa6 29. Qa5 Nab8 30. Qc7 h6 31. Bd3 g6 32. h3 Kg7 33. Bf1 Qg5 34. Ne8+ Kf8 35. Nf6 Qc1 36. Qd8+ 1-0


[Site "https://www.chess.com"]

[Event "Titled Tuesday Blitz February 01 B 2022"]
[White "Boros, Denes"]
[Black "Kamsky, Gata"]
[WhiteFideId "722340"]
[BlackFideId "2000024"]
[WhiteElo "2464"]
[BlackElo "2645"]
[Result "0-1"]
[Round "10"]
[TimeControl "180+1"]
[Date "2022.02.01"]
[WhiteClock "0:00:06"]
[BlackClock "0:00:05"]

1. c4 c6 2. Nf3 d5 3. e3 Nf6 4. Qc2 g6 5. b3 Bg7 6. Bb2 O-O 7. Be2 Bg4 8. O-O e6 9. h3 Bxf3 10. Bxf3 a5 11. Rc1 Na6 12. a3 Qe7 13. Nc3 Nd7 14. Nd1 Bxb2 15. Nxb2 Rfd8 16. d4 Nc7 17. Nd3 Ne8 18. Qb2 Nd6 19. c5 Nf5 20. a4 Re8 21. b4 e5 22. Bg4 exd4 23. Bxf5 gxf5 24. Qxd4 axb4 25. Rcb1 Nf8 26. Rxb4 Ra7 27. Rab1 Ng6 28. h4 h5 29. a5 Rd8 30. g3 Rd7 31. Ra1 Rd8 32. Qb2 Kh7 33. Kf1 Rda8 34. Raa4 Rxa5 35. Rxb7 Qe6 36. Rxa5 Rxa5 37. Rb8 Qe4 38. Nf4 Ra1+ 39. Ke2 Qc4+ 40. Kf3 Qe4+ 41. Ke2 Qc4+ 42. Nd3 Ra2 43. Rb4 Rxb2+ 44. Rxb2 Ne5 45. Rd2 f6 46. f4 Nxd3 47. Rxd3 Qxc5 48. Kd2 Qb4+ 49. Ke2 Qc4 50. Kd2 c5 51. Rc3 Qxc3+ 52. Kxc3 Kg6 53. Kd3 Kf7 54. e4 fxe4+ 0-1


[Site "https://www.chess.com"]

[Event "Titled Tuesday Blitz February 01 B 2022"]
[White "Cori T., Deysi"]
[Black "Pakleza, Zbigniew"]
[WhiteFideId "3801934"]
[BlackFideId "1119290"]
[WhiteElo "2350"]
[BlackElo "2467"]
[Result "1-0"]
[Round "10"]
[TimeControl "180+1"]
[Date "2022.02.01"]
[WhiteClock "0:01:13"]
[BlackClock "0:00:03"]

1. d4 d6 2. Nf3 Bg4 3. Nbd2 Nf6 4. c3 Nbd7 5. Qb3 Rb8 6. h3 Bh5 7. g4 Bg6 8. Bg2 e6 9. Nf1 c6 10. Bf4 Be7 11. Ng3 h5 12. g5 Nd5 13. Bd2 h4 14. Nf1 Be4 15. N1h2 Qb6 16. c4 Nc7 17. O-O d5 18. c5 Qxb3 19. axb3 a6 20. Ne1 Nb5 21. Ra4 Bf5 22. f3 f6 23. e4 Bg6 24. gxf6 gxf6 25. Nd3 Kf7 26. Ng4 Rbg8 27. Kf2 Rd8 28. Be3 Bf8 29. Ke2 Bg7 30. Nf4 f5 31. Nxg6 Kxg6 32. Nf2 dxe4 33. fxe4 Nf6 34. exf5+ exf5 35. Nd3 Rhe8 36. Ne5+ Kh7 37. Rxf5 Nd5 38. Be4 Kg8 39. Rg5 Nxe3 40. Kxe3 Kf8 41. Rf5+ Kg8 42. Rg5 Kf8 43. Bg6 Re6 44. Rf5+ Rf6 45. Ke4 Rxf5 46. Bxf5 Re8 47. Kf4 Nxd4 48. Ng6+ Kf7 49. Nxh4 Nxb3 50. Bg6+ Kf8 51. Bxe8 Nxc5 52. Rc4 Nd3+ 53. Ke3 Ne5 54. Re4 Bh6+ 55. Ke2 1-0


[Site "https://www.chess.com"]

[Event "Titled Tuesday Blitz February 01 B 2022"]
[White "Dobrov, Vladimir"]
[Black "Gaehwiler, Gabriel"]
[WhiteFideId "4136594"]
[BlackFideId "1314530"]
[WhiteElo "2614"]
[BlackElo "2383"]
[Result "1-0"]
[Round "10"]
[TimeControl "180+1"]
[Date "2022.02.01"]
[WhiteClock "0:00:04"]
[BlackClock "0:00:04"]

1. d4 Nf6 2. c4 g6 3. Nc3 Bg7 4. e4 O-O 5. Be2 d6 6. Nf3 e5 7. O-O Bg4 8. d5 a5 9. Be3 Na6 10. Nd2 Bd7 11. a3 h5 12. Rb1 Ng4 13. Bxg4 hxg4 14. f3 Qh4 15. fxg4 Bxg4 16. Qe1 Qh5 17. Qg3 Bd7 18. b4 f5 19. Qg5 Qh7 20. g3 f4 21. gxf4 exf4 22. Rxf4 Rxf4 23. Bxf4 Bxc3 24. c5 Rf8 25. cxd6 Qh5 26. dxc7 Qxg5+ 27. Bxg5 Nxc7 28. bxa5 Bc8 29. Nc4 Na6 30. Rc1 Bd4+ 31. Be3 Bxe3+ 32. Nxe3 Bd7 33. Kg2 Rf4 34. Rc4 Kf7 35. Kg3 g5 36. e5 Rxc4 37. Nxc4 Ke7 38. Nd6 Nc5 39. Nxb7 Na6 40. Nd6 Ba4 41. Ne4 Bb3 42. Nc3 Kf7 43. Kg4 Kg6 44. e6 Kf6 45. h3 Bc4 46. Ne4+ Ke7 47. Nc3 Kf6 48. a4 Nc7 49. Ne4+ Ke7 50. d6+ Kxe6 51. dxc7 Kd7 52. c8=Q+ Kxc8 53. Nd6+ 1-0


[Site "https://www.chess.com"]

[Event "Titled Tuesday Blitz February 01 B 2022"]
[White "Domingo Nunez, Alejandro"]
[Black "Brodowski, Piotr"]
[WhiteFideId "22245561"]
[BlackFideId "1124480"]
[WhiteElo "2215"]
[BlackElo "2422"]
[Result "0-1"]
[Round "10"]
[TimeControl "180+1"]
[Date "2022.02.01"]
[WhiteClock "0:00:06"]
[BlackClock "0:00:08"]

1. d4 d5 2. g3 Kd7 3. Bg2 Nf6 4. c4 e6 5. Nc3 c6 6. Nf3 Bd6 7. Ne5+ Ke7 8. O-O Re8 9. Bg5 h6 10. Bxf6+ gxf6 11. Nf3 f5 12. Qd2 Rh8 13. c5 Bc7 14. b4 Nd7 15. Ne1 Nf6 16. Nd3 Ne4 17. Qc2 Qg8 18. Nxe4 fxe4 19. Nf4 Qg5 20. f3 e3 21. Nd3 h5 22. f4 Qg6 23. Qc1 h4 24. Qxe3 hxg3 25. hxg3 Bd7 26. Kf2 Rag8 27. Rh1 f6 28. Rxh8 Rxh8 29. Rh1 Rxh1 30. Bxh1 a5 31. a3 Qh7 32. Bg2 Qh8 33. Qf3 Be8 34. Qg4 Qh7 35. Bh3 Qe4 36. Kf1 Bf7 37. f5 Qh1+ 38. Kf2 Qh2+ 39. Bg2 exf5 40. Qxf5 Qxg3+ 41. Kf1 Qe3 42. Qc8 Bh2 43. Qxb7+ Kf8 44. Qc8+ Be8 45. Ke1 Qxd4 46. Qh3 Bf4 47. Qh8+ Ke7 48. Qg7+ Bf7 49. Bf3 Be3 50. Kd1 Qa1+ 51. Kc2 Qa2+ 52. Kc3 Qxa3+ 53. Kc2 Qa2+ 54. Kc3 axb4+ 55. Nxb4 Qc4+ 56. Kb2 Qxb4+ 57. Kc2 Qc4+ 58. Kb2 Bd4+ 59. Ka3 Qxc5+ 60. Kb3 Qc4+ 61. Ka3 Qc3+ 62. Ka2 Qb2# 0-1


[Site "https://www.chess.com"]

[Event "Titled Tuesday Blitz February 01 B 2022"]
[White "Fishbein, Alexander"]
[Black "Marcziter, Dmitrii"]
[WhiteFideId "2000377"]
[BlackFideId "13900765"]
[WhiteElo "2442"]
[BlackElo "2155"]
[Result "1-0"]
[Round "10"]
[TimeControl "180+1"]
[Date "2022.02.01"]
[WhiteClock "0:01:03"]
[BlackClock "0:01:21"]

1. e4 c5 2. Nf3 a6 3. c3 d5 4. exd5 Qxd5 5. d4 Nf6 6. Na3 cxd4 7. Qxd4 Nc6 8. Qxd5 Nxd5 9. Bc4 e6 10. Bxd5 exd5 11. Nc2 Bd6 12. O-O O-O 13. Be3 Bg4 14. Nfd4 Rad8 15. f3 Bc8 16. Rfe1 Ne5 17. Rad1 Nc4 18. Bc1 Rfe8 19. Rxe8+ Rxe8 20. b3 Ne5 21. Ne3 Be6 22. Kf1 Ng6 23. Nxe6 fxe6 24. c4 Bxh2 25. cxd5 exd5 26. Rxd5 Bf4 27. Kf2 Rc8 28. Bd2 Rc7 29. g3 Be5 30. f4 Bc3 31. Rd8+ Kf7 32. Bxc3 Rxc3 33. Rd7+ Kf8 34. Rxb7 Rc2+ 35. Nxc2 1-0


[Site "https://www.chess.com"]

[Event "Titled Tuesday Blitz February 01 B 2022"]
[White "Garcia Martin, Marta"]
[Black "Lenderman, Aleksandr"]
[WhiteFideId "32084030"]
[BlackFideId "2021285"]
[WhiteElo "2102"]
[BlackElo "2651"]
[Result "1/2-1/2"]
[Round "10"]
[TimeControl "180+1"]
[Date "2022.02.01"]
[WhiteClock "0:00:05"]
[BlackClock "0:00:38"]

1. Nf3 b6 2. e4 Bb7 3. Nc3 e6 4. d4 Bb4 5. Bd3 Nf6 6. Qe2 d5 7. exd5 Qxd5 8. O-O Bxc3 9. bxc3 O-O 10. a4 a5 11. c4 Qh5 12. Rb1 Bxf3 13. Qxf3 Qxf3 14. gxf3 Na6 15. c3 Rfd8 16. Bf4 Rac8 17. Rfd1 Nb8 18. Be4 Nxe4 19. fxe4 Nd7 20. Bg3 f6 21. Rb5 Kf7 22. Rdb1 e5 23. c5 bxc5 24. d5 Ra8 25. Rb7 Rdb8 26. f3 Ke7 27. Bf2 Kd6 28. R1b5 Rxb7 29. Rxb7 Nb6 30. Bxc5+ Kxc5 31. Rxc7+ Kd6 32. Rc6+ Kd7 33. Rxb6 Rc8 34. Rb7+ Kd6 35. Rxg7 Rxc3 36. Kg2 Ra3 37. Rxh7 Rxa4 38. Rf7 Rb4 39. Rxf6+ Kc5 40. Ra6 Kb5 41. Ra8 a4 42. h4 Kc4 43. h5 Kb3 44. Kg3 a3 45. h6 Rb7 46. Kg4 a2 47. Kg5 Kb2 48. Kg6 Rb6+ 49. Kg5 Rb7 50. Rxa2+ Kxa2 51. Kg6 Rb6+ 52. Kg7 Rb7+ 53. Kf6 Rb6+ 54. Kg7 Rb7+ 55. Kg6 Rb6+ 56. Kg5 Rb7 57. f4 exf4 58. Kxf4 Kb3 59. e5 Kc4 60. d6 Kd5 61. Kf5 Ra7 62. Kf6 Rb7 63. Kg6 Kxe5 64. h7 Rxh7 65. Kxh7 Kxd6 1/2-1/2


[Site "https://www.chess.com"]

[Event "Titled Tuesday Blitz February 01 B 2022"]
[White "Garriga Cazorla, Pere"]
[Black "Ibarra Jerez, Jose Carlos"]
[WhiteFideId "32011601"]
[BlackFideId "2226332"]
[WhiteElo "2458"]
[BlackElo "2626"]
[Result "0-1"]
[Round "10"]
[TimeControl "180+1"]
[Date "2022.02.01"]
[WhiteClock "0:01:03"]
[BlackClock "0:00:35"]

1. d4 Nf6 2. c4 d6 3. Nc3 e5 4. Nf3 e4 5. Ng5 Qe7 6. g3 h6 7. Nh3 c6 8. Bg2 Bf5 9. O-O Qd7 10. Nf4 g5 11. f3 exf3 12. Bxf3 gxf4 13. Bxf4 Bg7 14. e4 Bh3 15. Re1 O-O 16. Qd2 Ng4 17. Rad1 Re8 18. Bg2 Bxg2 19. Kxg2 Qe6 20. h3 Nf6 21. Bxh6 Bxh6 22. Qxh6 Nh7 23. Qd2 Qxc4 24. Rf1 Qe6 25. Rf4 Nd7 26. Rdf1 f6 27. Rh4 Re7 28. d5 Qf7 29. dxc6 bxc6 30. Ne2 Rae8 31. Rff4 d5 32. Rhg4+ Kh8 33. Nc3 Ne5 34. Rh4 Ng6 0-1


[Site "https://www.chess.com"]

[Event "Titled Tuesday Blitz February 01 B 2022"]
[White "Glek, Igor"]
[Black "Hasangatin, Ramil"]
[WhiteFideId "4100484"]
[BlackFideId "4122160"]
[WhiteElo "2215"]
[BlackElo "2375"]
[Result "1-0"]
[Round "10"]
[TimeControl "180+1"]
[Date "2022.02.01"]
[WhiteClock "0:01:09"]
[BlackClock "0:00:37"]

1. e4 d5 2. exd5 Qxd5 3. Nc3 Qd6 4. Nf3 Nf6 5. g3 c6 6. Bg2 Bg4 7. O-O e6 8. h3 Bxf3 9. Qxf3 Be7 10. d3 O-O 11. g4 Na6 12. g5 Nd5 13. Ne4 Qd8 14. h4 Nab4 15. Qe2 c5 16. c3 Nc6 17. Qg4 Ne5 18. Qg3 Bd6 19. Nxd6 Qxd6 20. Re1 f6 21. gxf6 Rxf6 22. Qxe5 Qf8 23. Bg5 Rg6 24. h5 Rxg5 25. Qxg5 Nf4 26. h6 g6 27. Re4 Nxd3 28. Qe3 1-0


[Site "https://www.chess.com"]

[Event "Titled Tuesday Blitz February 01 B 2022"]
[White "Golubka, Petro"]
[Black "Carlsson, Ludvig"]
[WhiteFideId "14114224"]
[BlackFideId "1727010"]
[WhiteElo "2392"]
[BlackElo "2178"]
[Result "1/2-1/2"]
[Round "10"]
[TimeControl "180+1"]
[Date "2022.02.01"]
[WhiteClock "0:01:09"]
[BlackClock "0:00:11"]

1. a3 d5 2. b3 e5 3. Bb2 Bd6 4. Nc3 c6 5. e4 Nf6 6. d4 O-O 7. exd5 Re8 8. Nge2 exd4 9. Qxd4 Be5 10. Qd3 Nxd5 11. O-O-O Qg5+ 12. Kb1 Bf5 13. Qd2 Qxd2 14. Rxd2 Nxc3+ 15. Bxc3 Bxc3 16. Nxc3 Re1+ 17. Rd1 Rxd1+ 18. Nxd1 Nd7 19. Ne3 Be6 20. Be2 Kf8 21. Kb2 Nc5 22. h4 Ne4 23. Rf1 Rd8 24. Bd3 Nf6 25. g3 h6 26. f3 Nd5 27. Ng2 Bh3 28. Rf2 a5 29. Ne1 Re8 30. Re2 Rxe2 31. Bxe2 Bf5 32. c4 Nc7 33. Kc3 Ne6 34. b4 axb4+ 35. axb4 Ke7 36. Ng2 Bb1 37. c5 Nc7 38. Bc4 Bf5 39. Nf4 g6 40. Ne2 Bd7 41. Nd4 Bc8 42. Kd3 Bh3 43. Ke4 Ne6 44. Nb3 Bf5+ 45. Ke3 Nf8 46. Na5 Bc8 47. Kd4 Nd7 48. Bb3 f6 49. Bc2 Kf7 50. Be4 f5 51. Bd3 Kf6 52. f4 Nf8 53. Bc4 Nd7 54. Bb3 g5 55. Nc4 gxh4 56. gxh4 Nf8 57. Nd6 Be6 58. Bc2 Ng6 59. Ke3 Nxh4 60. Nxb7 Ng2+ 61. Kf3 Bd5+ 62. Kg3 Ne3 63. Bd3 h5 64. Nd6 Ng2 65. Bc4 h4+ 66. Kh3 Nxf4+ 67. Kxh4 Bxc4 68. Nxc4 Nd3 69. b5 Nxc5 70. bxc6 Na6 71. Nd6 Ke6 72. Nxf5 Kxf5 73. c7 Nxc7 1/2-1/2


[Site "https://www.chess.com"]

[Event "Titled Tuesday Blitz February 01 B 2022"]
[White "Goryachkina, Aleksandra"]
[Black "Vusatiuk, Vladimir"]
[WhiteFideId "4147103"]
[BlackFideId "14118610"]
[WhiteElo "2426"]
[BlackElo "2157"]
[Result "0-1"]
[Round "10"]
[TimeControl "180+1"]
[Date "2022.02.01"]
[WhiteClock "0:00:07"]
[BlackClock "0:00:23"]

1. e4 Nc6 2. Nc3 e6 3. Nf3 d5 4. exd5 exd5 5. d4 Nf6 6. Bg5 Be7 7. Bd3 O-O 8. h3 h6 9. Be3 Nb4 10. Ne5 c5 11. a3 Nxd3+ 12. Qxd3 c4 13. Qd2 Bf5 14. g4 Ne4 15. Nxe4 Bxe4 16. f3 Bh4+ 17. Kd1 Bh7 18. f4 Be4 19. Rf1 c3 20. bxc3 Rc8 21. f5 Qa5 22. c4 Qa6 23. f6 Bxf6 24. Nd7 Rxc4 25. Rxf6 gxf6 26. c3 Qa4+ 0-1


[Site "https://www.chess.com"]

[Event "Titled Tuesday Blitz February 01 B 2022"]
[White "Holt, Conrad"]
[Black "Hakobyan, Aram"]
[WhiteFideId "2034387"]
[BlackFideId "13306677"]
[WhiteElo "2586"]
[BlackElo "2557"]
[Result "0-1"]
[Round "10"]
[TimeControl "180+1"]
[Date "2022.02.01"]
[WhiteClock "0:00:04"]
[BlackClock "0:00:03"]

1. d4 Nf6 2. c4 e6 3. Nc3 Bb4 4. Qc2 O-O 5. e4 d5 6. e5 Ne4 7. Bd3 c5 8. Nf3 cxd4 9. Nxd4 Nd7 10. Bf4 Ndc5 11. O-O Bxc3 12. bxc3 b6 13. Be2 h6 14. f3 Ng5 15. Rad1 Bb7 16. Nb5 Qe7 17. Nd6 Bc6 18. Rd4 Rfd8 19. Qd2 Rd7 20. cxd5 Bxd5 21. Bb5 Rc7 22. h4 Nh7 23. Be3 Kh8 24. Re1 a6 25. Bf1 b5 26. c4 bxc4 27. Bxc4 Nd7 28. Bxd5 exd5 29. Rxd5 Nhf8 30. Bxh6 gxh6 31. Qxh6+ Nh7 32. e6 fxe6 33. Rxe6 Qg7 34. Qf4 Ndf6 35. Rg5 Nxg5 36. hxg5 Nh7 37. Nf5 Qa1+ 38. Kh2 Rc1 39. g6 Rg8 40. g7+ Rxg7 41. Nxg7 Rh1+ 42. Kg3 Qxg7+ 43. Kf2 Qb2+ 44. Re2 Qb6+ 45. Kg3 Qg6+ 46. Kf2 Qb6+ 47. Kg3 Nf6 48. Qg5 Nh5+ 49. Kg4 Nf6+ 50. Kg3 Nh5+ 51. Kg4 Qd4+ 52. Re4 Qd7+ 0-1


[Site "https://www.chess.com"]

[Event "Titled Tuesday Blitz February 01 B 2022"]
[White "Karttunen, Mika"]
[Black "LikeWater"]
[WhiteFideId "502081"]
[WhiteElo "2343"]
[BlackElo "2614"]
[Result "0-1"]
[Round "10"]
[TimeControl "180+1"]
[Date "2022.02.01"]
[WhiteClock "0:00:06"]
[BlackClock "0:00:13"]

1. e4 d6 2. d4 c6 3. c4 Nd7 4. Nc3 e5 5. d5 Ngf6 6. f3 Be7 7. Be3 O-O 8. Qd2 cxd5 9. cxd5 Nh5 10. Nge2 Nb6 11. b3 g6 12. g4 Bh4+ 13. Kd1 Ng7 14. Rg1 f5 15. gxf5 gxf5 16. Bh6 Bf6 17. Ng3 Kh8 18. Bxg7+ Bxg7 19. Nh5 Rf7 20. Nxg7 Rxg7 21. Rxg7 Kxg7 22. Kc2 Qh4 23. Bd3 f4 24. Rg1+ Kf6 25. Qg2 Qh6 26. h4 Bd7 27. a4 Rf8 28. Qf2 Rf7 29. a5 Nc8 30. Bb5 Ke7 31. Bxd7 Kxd7 32. Kb2 Rg7 33. Rc1 a6 34. Na4 Qg6 35. Rc2 Qg1 36. Qe2 Qd4+ 37. Ka2 Rg1 38. Nb2 Qb4 39. Rc4 Qxa5+ 40. Na4 Qe1 41. Qb2 b5 42. Rxc8 Kxc8 43. Qc2+ Kd8 0-1


[Site "https://www.chess.com"]

[Event "Titled Tuesday Blitz February 01 B 2022"]
[White "Li, Ben"]
[Black "Khripachenko, Alexander"]
[WhiteFideId "2089980"]
[BlackFideId "54184975"]
[WhiteElo "2267"]
[BlackElo "2177"]
[Result "1-0"]
[Round "10"]
[TimeControl "180+1"]
[Date "2022.02.01"]
[WhiteClock "0:00:09"]
[BlackClock "0:00:02"]

1. d4 Nf6 2. c4 g6 3. Nc3 d5 4. cxd5 Nxd5 5. Na4 Bg7 6. e4 Nb6 7. Nf3 O-O 8. Be3 Bg4 9. Nc5 Qc8 10. Qb3 Bxf3 11. gxf3 Rd8 12. O-O-O Nc6 13. Qc3 e5 14. d5 Nd4 15. f4 Nf3 16. fxe5 Bxe5 17. Qc2 c6 18. Be2 Nh4 19. f4 Bg7 20. d6 Nd7 21. Bg4 f5 22. exf5 Nf6 23. d7 Qc7 24. Bh3 Nd5 25. Bf2 Qxf4+ 26. Kb1 Nxf5 27. Ne6 Qb4 28. Bxf5 Nc3+ 29. Ka1 Nxd1 30. Nxg7 Nxf2 31. Qxf2 Kxg7 32. Be6 Qe7 33. Re1 Rf8 34. Qd4+ Qf6 35. Qd6 Rad8 36. a3 Rf7 37. Qc7 Qe7 38. Qe5+ Rf6 39. Qd4 Kf8 40. h4 c5 41. Qc3 Kg7 42. h5 Rxd7 43. h6+ Kxh6 44. Bxd7 Qd6 45. Qe3+ Kg7 46. Bg4 Rf7 47. Be6 Re7 48. Qc3+ Qd4 49. Qh3 Qd2 50. Rb1 Qe3 51. Qxe3 1-0


[Site "https://www.chess.com"]

[Event "Titled Tuesday Blitz February 01 B 2022"]
[White "Lysyj, Igor"]
[Black "Moroni, Luca Jr"]
[WhiteFideId "4150120"]
[BlackFideId "865834"]
[WhiteElo "2611"]
[BlackElo "2573"]
[Result "0-1"]
[Round "10"]
[TimeControl "180+1"]
[Date "2022.02.01"]
[WhiteClock "0:00:05"]
[BlackClock "0:00:33"]

1. d4 g6 2. Nf3 Bg7 3. c4 d6 4. Nc3 Nc6 5. d5 Ne5 6. Nxe5 Bxe5 7. e4 Nf6 8. Bd3 O-O 9. O-O e6 10. Bg5 exd5 11. exd5 h6 12. Bh4 Bf4 13. Qc2 Kg7 14. Kh1 Bd7 15. Ne2 Bg5 16. Bg3 Nh5 17. c5 Bf6 18. cxd6 Nxg3+ 19. Nxg3 cxd6 20. Ne4 Rc8 21. Qb3 Bf5 22. Nxf6 Qxf6 23. Bxf5 Qxf5 24. Qxb7 Rb8 25. Qxa7 Qxd5 26. Rfd1 Qf5 27. Qd4+ Kh7 28. a4 Rfe8 29. Rd2 Re4 30. Qxd6 Rbe8 31. h3 R8e5 32. b4 Qf4 33. Rdd1 Re1+ 34. Rxe1 Rxe1+ 35. Rxe1 Qxd6 36. b5 Qb4 37. Re3 Qxa4 38. b6 Qd1+ 39. Kh2 Qd6+ 40. Kh1 Qxb6 0-1


[Site "https://www.chess.com"]

[Event "Titled Tuesday Blitz February 01 B 2022"]
[White "Martinez Alcantara, Jose Eduardo"]
[Black "Jobava, Baadur"]
[WhiteFideId "3805662"]
[BlackFideId "13601520"]
[WhiteElo "2690"]
[BlackElo "2617"]
[Result "1-0"]
[Round "10"]
[TimeControl "180+1"]
[Date "2022.02.01"]
[WhiteClock "0:00:12"]
[BlackClock "0:00:02"]

1. e4 c6 2. d4 d5 3. e5 Bf5 4. h4 Qc7 5. Nc3 h5 6. Bd3 Bxd3 7. Qxd3 e6 8. Nf3 Nd7 9. Bg5 Ne7 10. O-O Nf5 11. Ne2 c5 12. c3 c4 13. Qd2 Be7 14. Ng3 g6 15. b3 Rc8 16. b4 Bxg5 17. Qxg5 Qd8 18. Qf4 Nh6 19. Ng5 Qe7 20. a4 Kd8 21. f3 Kc7 22. a5 Kb8 23. b5 Rcf8 24. a6 b6 25. Rfe1 Kc8 26. Nf1 Rd8 27. Ne3 Nf8 28. Nc2 Nf5 29. Nb4 Rd7 30. Nc6 Qe8 31. Kf2 Rc7 32. Rh1 Nh7 33. g4 Ng7 34. Ke2 Nxg5 35. Qxg5 Rh7 36. Kd2 Kd7 37. Rhg1 Rxc6 38. bxc6+ Kxc6 39. Rh1 Kd7 40. Ke2 Qe7 41. Qf4 Ne8 42. Kf2 Nc7 43. Kg3 Nb5 44. Qd2 Kc6 45. Qc2 Nc7 46. Qa4+ b5 47. Qc2 Kd7 48. Qd2 Kc6 49. Qc2 Rh8 50. Rh2 Kb6 51. Qa2 Rg8 52. Qd2 Kc6 53. Ra2 Rb8 54. gxh5 gxh5 55. Kh3 b4 56. cxb4 Qxb4 57. Qf4 Qe7 58. Rhg2 Rb3 59. Rg7 Qd8 60. Rxf7 c3 61. Rc2 Nb5 62. Rf6 Qe7 63. Rg2 Rb1 64. Qf5 Nc7 65. Qxb1 1-0


[Site "https://www.chess.com"]

[Event "Titled Tuesday Blitz February 01 B 2022"]
[White "Mladenovic, Stefan"]
[Black "Quintiliano Pinto, Renato R."]
[WhiteFideId "942227"]
[BlackFideId "2117568"]
[WhiteElo "2355"]
[BlackElo "2439"]
[Result "1-0"]
[Round "10"]
[TimeControl "180+1"]
[Date "2022.02.01"]
[WhiteClock "0:00:02"]
[BlackClock "0:00:17"]

1. d4 d5 2. c4 e6 3. Nc3 Nf6 4. Bg5 Be7 5. e3 O-O 6. Nf3 h6 7. Bxf6 Bxf6 8. cxd5 exd5 9. Bd3 Re8 10. O-O c6 11. Qc2 Nd7 12. Rab1 Be7 13. b4 Nf6 14. a4 a6 15. b5 axb5 16. axb5 c5 17. dxc5 Bxc5 18. Ne2 Bd6 19. Ned4 Bd7 20. Nf5 Bxf5 21. Bxf5 Qe7 22. Rfd1 g6 23. Bd3 Kg7 24. b6 Rac8 25. Qb3 Rc5 26. h3 Rec8 27. Bf1 Rc3 28. Qb2 Rc2 29. Qa1 Kg8 30. Bd3 R2c3 31. Rbc1 Rxc1 32. Rxc1 Rxc1+ 33. Qxc1 Qd8 34. Qb2 Bc5 35. Ne5 Qxb6 36. Qa2 Bxe3 37. Ng4 Bd4 38. Nxh6+ Kg7 39. Ng4 Nxg4 40. hxg4 Qe6 41. Be2 b6 42. Kf1 Qe5 43. Bf3 Qf4 44. Bxd5 Qxg4 45. Bf3 Qf5 46. Qb3 Qc5 47. Qa2 b5 48. g3 b4 49. Kg2 Qe7 50. Bd5 Qf6 51. Bc4 Bc5 52. Qe2 Bd4 53. Bb3 Bc3 54. Bc4 Be5 55. Bb3 Qc6+ 56. Kg1 Qc1+ 57. Kg2 Qc7 58. Kg1 Bf6 59. Kg2 Bd4 60. Qf3 Bc5 61. Qd5 Qe7 62. Qf3 Bd4 63. Qd5 Qf6 64. Qf3 Qb6 65. g4 Bf6 66. g5 Bxg5 67. Qxf7+ Kh6 68. Qf8+ Kh5 69. Bd1+ 1-0


[Site "https://www.chess.com"]

[Event "Titled Tuesday Blitz February 01 B 2022"]
[White "Murzin, Volodar"]
[Black "Wachinger, Guenther"]
[WhiteFideId "44155573"]
[BlackFideId "4604261"]
[WhiteElo "2585"]
[BlackElo "2212"]
[Result "0-1"]
[Round "10"]
[TimeControl "180+1"]
[Date "2022.02.01"]
[WhiteClock "0:00:21"]
[BlackClock "0:01:29"]

1. e4 c5 2. Nf3 d6 3. d4 cxd4 4. Nxd4 Nf6 5. Nc3 g6 6. Bg5 Bg7 7. Qd2 O-O 8. O-O-O Nc6 9. Nxc6 bxc6 10. e5 Nd5 11. Nxd5 cxd5 12. exd6 Rb8 13. c3 Qxd6 14. Bd3 e5 15. Rhe1 Be6 16. f4 Rfc8 17. fxe5 Bxe5 18. Rxe5 Qxe5 19. Bf4 Qf6 0-1


[Site "https://www.chess.com"]

[Event "Titled Tuesday Blitz February 01 B 2022"]
[White "Musovic, Armin"]
[Black "Vakhlamov, Igor L."]
[WhiteFideId "939935"]
[BlackFideId "24126748"]
[WhiteElo "2250"]
[BlackElo "2401"]
[Result "0-1"]
[Round "10"]
[TimeControl "180+1"]
[Date "2022.02.01"]
[WhiteClock "0:01:04"]
[BlackClock "0:01:18"]

1. a3 g6 2. Nc3 Bg7 3. e4 c6 4. Bc4 e6 5. Ba2 d5 6. Nge2 Ne7 7. O-O O-O 8. d3 b6 9. Bg5 Nd7 10. f4 Qe8 11. Kh1 Bb7 12. Qe1 Kh8 13. Qh4 f6 14. Bh6 Qf7 15. Rae1 Rae8 16. Ng3 Bxh6 17. Qxh6 Qg7 18. Qh3 f5 19. e5 g5 20. Nh5 Qg6 21. Rf3 g4 22. Qh4 gxf3 23. gxf3 Rg8 24. Ng3 Qf7 25. d4 Rg6 26. Nce2 Reg8 27. c3 Qg7 28. Qh3 Ba6 29. Kg2 Bxe2 30. Rxe2 Rh6 0-1


[Site "https://www.chess.com"]

[Event "Titled Tuesday Blitz February 01 B 2022"]
[White "Nazaretyan, Tigran"]
[Black "De La Colina, Nicolas"]
[WhiteFideId "24162345"]
[BlackFideId "30946921"]
[WhiteElo "2192"]
[BlackElo "2046"]
[Result "1-0"]
[Round "10"]
[TimeControl "180+1"]
[Date "2022.02.01"]
[WhiteClock "0:01:42"]
[BlackClock "0:00:04"]

1. d4 Nf6 2. c4 g6 3. Nf3 Bg7 4. Nc3 d6 5. e4 O-O 6. Be2 e5 7. O-O Na6 8. Be3 Ng4 9. Bg5 Qe8 10. h3 exd4 11. Nxd4 h6 12. Bh4 Nf6 13. Bf3 Nh7 14. Nd5 Ng5 15. Nb5 Qd7 16. Bg4 f5 17. exf5 gxf5 18. Bh5 c6 19. f4 cxd5 20. fxg5 hxg5 21. Bxg5 dxc4 22. Bg6 Qxb5 23. Qh5 Qc5+ 24. Kh1 Rf6 25. Bxf6 Bxf6 26. Qh7+ 1-0


[Site "https://www.chess.com"]

[Event "Titled Tuesday Blitz February 01 B 2022"]
[White "Niemann, Hans Moke"]
[Black "Pranav, V"]
[WhiteFideId "2093596"]
[BlackFideId "25060783"]
[WhiteElo "2636"]
[BlackElo "2349"]
[Result "1-0"]
[Round "10"]
[TimeControl "180+1"]
[Date "2022.02.01"]
[WhiteClock "0:02:20"]
[BlackClock "0:00:53"]

1. d4 Nf6 2. Nc3 d5 3. Bf4 c5 4. e4 dxe4 5. dxc5 Qa5 6. Qd2 Nc6 7. Nb5 e5 8. Qxa5 Nxa5 9. Bxe5 Kd7 10. O-O-O+ Ke6 11. Bc3 Rb8 12. Bxa5 Bxc5 13. Nd4+ Ke7 14. h3 Bd7 15. Nge2 e3 16. fxe3 Ne4 17. Be1 Rbc8 18. Nc3 Nf6 19. Bh4 1-0


[Site "https://www.chess.com"]

[Event "Titled Tuesday Blitz February 01 B 2022"]
[White "Postnikov, Daniil"]
[Black "Kosteniuk, Alexandra"]
[WhiteFideId "4166329"]
[BlackFideId "4128125"]
[WhiteElo "2261"]
[BlackElo "2469"]
[Result "0-1"]
[Round "10"]
[TimeControl "180+1"]
[Date "2022.02.01"]
[WhiteClock "0:00:01"]
[BlackClock "0:00:33"]

1. e4 c6 2. d4 d5 3. e5 c5 4. c3 Nc6 5. Be2 Bf5 6. Nf3 e6 7. O-O Nge7 8. a3 Ng6 9. b4 c4 10. Ne1 Bxb1 11. Rxb1 f5 12. exf6 gxf6 13. f4 f5 14. Nf3 Bd6 15. Ne5 Ncxe5 16. dxe5 Bc7 17. Be3 Bb6 18. Bd4 O-O 19. Kh1 Kh8 20. a4 Rg8 21. a5 Bxd4 22. Qxd4 Rg7 23. g3 Qc7 24. Ra1 a6 25. Rfb1 Qc6 26. Bd1 Ne7 27. Ba4 Qc7 28. b5 axb5 29. Bxb5 Rxa5 30. Rxa5 Qxa5 31. Qc5 Qxc3 32. Bd7 d4 33. Rf1 Qd3 34. Kg2 Qe4+ 35. Kg1 Qd5 36. Qc7 d3 37. Qb8+ Ng8 38. Bc8 d2 39. Rd1 c3 0-1


[Site "https://www.chess.com"]